 Dungeon Crawl Stone Soup version 0.30-a0-23-ge60ba3568b (webtiles) character file.

Game seed: 8924907895391200854

9629 fozzywoppz the Martial Artist (level 11, -6/91 HPs)
             Began as a Demonspawn Monk on Aug 23, 2022.
             Was a High Priest of Okawaru.
             Mangled by a freezing wraith (19 damage)
             ... on level 10 of the Dungeon on Aug 25, 2022.
             The game lasted 00:36:54 (10836 turns).

fozzywoppz the Martial Artist (Demonspawn Monk)    Turns: 10836, Time: 00:36:55

Health: -6/91      AC: 13    Str: 11    XL:     11   Next: 25%
Magic:  13/16      EV: 13    Int: 13    God:    Okawaru [*****.]
Gold:   678        SH:  0    Dex: 19    Spells: 10/10 levels left

rFire   . . .      SeeInvis .      - Unarmed
rCold   . . .      Faith    .    (no shield)
rNeg    . . .      Spirit   .    u - +1 ring mail
rPois   .          Reflect  .    E - +2 helmet
rElec   .          Harm     .    d - +0 cloak
rCorr   .          Rampage  .    (no gloves)
Will    +....                    o - +0 pair of boots
Stlth   ++........               A - amulet of magic regeneration
HPRegen 0.25/turn                a - ring of willpower
MPRegen 0.70/turn                (no ring)

@: finesse-ful, slowed, very slow
A: thin metallic scales 1, powered by death 2, magic regeneration, weakness
stinger 2
a: Renounce Religion, Heroism, Finesse, Duel


You were on level 10 of the Dungeon.
You worshipped Okawaru.
Okawaru was extremely pleased with you.
You visited 2 branches of the dungeon, and saw 11 of its levels.
You also visited: Sewer and Ossuary.

You collected 678 gold pieces.

Inventory:

Hand Weapons
 h - a +0 falchion of electrocution
 j - a +1 dagger of draining
 t - a +3 dagger of speed
 J - a +2 dagger of electrocution
Missiles
 p - 5 boomerangs (quivered)
 y - 46 poisoned darts
Armour
 d - a +0 cloak (worn)
 o - a +0 pair of boots (worn)
 u - a +1 ring mail (worn)
 E - a +2 helmet (worn)
 F - a +0 leather armour of fire resistance
Jewellery
 a - a ring of willpower (left hand)
 l - an amulet of faith
 A - an amulet of magic regeneration (around neck)
 B - a ring of magical power
Wands
 c - a wand of flame (36)
 m - a wand of roots (4)
Scrolls
 q - 2 scrolls of immolation {unknown}
 r - 4 scrolls of amnesia
 v - 3 scrolls of teleportation
 x - a scroll of magic mapping
 D - 6 scrolls of identify
 G - 2 scrolls of vulnerability {unknown}
 H - a scroll of fog
Potions
 b - 2 potions of ambrosia
 e - 2 potions of lignification
 f - a potion of might
 g - 5 potions of flight
 i - 3 potions of mutation {unknown}
 k - 2 potions of cancellation
 n - a potion of magic {unknown}
 s - 4 potions of curing
 w - a potion of heal wounds
 z - a potion of brilliance {unknown}
 C - 2 potions of attraction {unknown}
 I - 2 potions of degeneration {unknown}


   Skills:
 + Level 10.3 Fighting
 - Level 1.1 Throwing
 - Level 2.0 Armour
 + Level 5.5 Dodging
 - Level 2.0 Stealth
 * Level 11.6 Unarmed Combat
 + Level 7.0 Invocations


You had 10 spell levels left.
You didn't know any spells.
Your spell library contained the following spells:

 Spells                   Type           Power      Damage    Failure   Level
 Necrotise                Necr           0%         1d4       58%         1
 Slow                     Hex            0%         N/A       58%         1
 Confusing Touch          Hex            0%         N/A       91%         3
 Ozocubu's Armour         Ice            0%         N/A       91%         3
 Stone Arrow              Conj/Erth      0%         3d7       91%         3
 Vampiric Draining        Necr           0%         2d6       91%         3
 Fulminant Prism          Conj/Hex       0%         3d6       100%        4
 Iskenderun's Mystic Bla  Conj/Tloc      0%         2d3       100%        4
 Agony                    Necr           0%         N/A       100%        5
 Lee's Rapid Deconstruct  Erth           0%         3d5*      100%        5
 Metabolic Englaciation   Hex/Ice        0%         N/A       100%        5
 Lehudib's Crystal Spear  Conj/Erth      0%         10d2      100%        8
 Animate Armour           Summ/Erth      Unusable   N/A       N/A         4
 Simulacrum               Ice/Necr       Unusable   N/A       N/A         6

Dungeon Overview and Level Annotations

Branches:
Dungeon (10/15)            Temple (1/1) D:4            Lair (0/5) D:10
  Sewer (visited)         Ossuary (visited)
    Orc: D:9-12

Altars:
Ashenzari
Cheibriados
Dithmenos
Fedhas
Gozag
Hepliaklqana
Kikubaaqudgha
Makhleb
Nemelex Xobeh
Okawaru
Qazlal
Ru
Sif Muna
Trog
Uskayaw
Vehumet
Wu Jian
Xom
Yredelemnul

Annotations:
D:3 1 runed translucent door, SensoryNuts's ghost, amateur OgGl
D:4 1 runed translucent door, siradein's ghost, weakling DsFi


Innate Abilities, Weirdness & Mutations

You are partially covered in thin metallic scales. (AC +2)
You regenerate health from kills.
You regenerate magic rapidly.
You have a tail ending in a sharp stinger.


Message History

The freezing wraith is lightly damaged.
The freezing wraith misses you.
The freezing wraith completely misses you.
You punch the freezing wraith!
The freezing wraith is moderately damaged.
The freezing wraith barely misses you.
The freezing wraith hits you but does no damage.
You punch the freezing wraith! You tail-slap the freezing wraith.
The freezing wraith is severely damaged.
A nearby fungus withers and dies.
The freezing wraith hits you. The freezing wraith freezes you!
The freezing wraith hits you but does no damage.
You closely miss the freezing wraith.
The freezing wraith is severely damaged.
The freezing wraith hits you but does no damage.
The freezing wraith hits you!
You punch the freezing wraith!
The freezing wraith is almost destroyed.
The freezing wraith closely misses you. x2
The freezing wraith barely misses you.
The freezing wraith hits you but does no damage.
You punch the freezing wraith!
The freezing wraith is almost destroyed.
The freezing wraith barely misses you. The freezing wraith hits you!
The freezing wraith drains your vigour!
You feel as though you will be slow longer.
A yak comes into view.
You can now deal lightning-fast blows.
The yak bellows!
The freezing wraith hits you. The freezing wraith freezes you!
* * * LOW HITPOINT WARNING * * *
The freezing wraith hits you.
* * * LOW HITPOINT WARNING * * *
The freezing wraith drains your vigour!
You feel as though you will be slow longer.
The yak gores the fungus!
The fungus begins to die.
You feel better. The freezing wraith hits you.
* * * LOW HITPOINT WARNING * * *
The freezing wraith freezes you!!
You die...

#........# #....)####
......# #..)).# ......#
#..)<.# ......# #.....#
...$..# ###...##
###..P....
####..(#######......P..
##......)...#.P...PP.P.P
.'.........P....@W.P....
.#.............P.P.....P
.#..........PPPP....P...
.#....(......P.....P....
.#.รท.........PPP.P..>..P
.#...........P..P.P.....
##.........P.PPPP...P.^.
#............PYP.PP....
#..........P..PP.P.


You could see a freezing wraith and a yak.

Vanquished Creatures
  Snorg (D:10)
  4 two-headed ogres
  An ugly thing (D:9)
  Joseph (D:7)
  A kobold demonologist (D:9)
  7 yaks (D:10)
  Sigmund (D:6)
  A wyvern (D:7)
  2 water moccasins
  Duvessa (D:4)
  A black bear (D:10)
  4 orc warriors
  An ice beast (D:5)
  An ogre (D:5)
  5 centaurs
  2 phantoms (D:5)
  5 kobold brigands
  4 bullfrogs
  2 scorpions
  2 elf zombies (Ossuary)
  A gnoll sergeant (D:10)
  A necrophage (D:6)
  Dowan (D:4)
  5 wights (D:6)
  2 killer bees
  5 electric eels (D:9)
  4 howler monkeys
  3 human zombies (Ossuary)
  7 hounds
  3 jellies
  A centaur zombie (Ossuary)
  3 orc priests
  A gnoll bouda (D:7)
  3 iguanas (D:4)
  Natasha (twice) (D:4)
  2 orc wizards
  3 hound zombies
  3 mummies (Ossuary)
  8 gnolls
  13 adders
  A shadow imp (D:6)
  A white imp (D:7)
  3 ufetubi
  4 adder zombies
  2 worms (D:4)
  3 dart slugs
  27 orcs
  3 endoplasms
  6 giant cockroaches
  3 gnoll zombies (Ossuary)
  7 hobgoblins
  2 jackals (D:4)
  27 kobolds
  3 quokkas
  8 ball pythons
  A bat (D:3)
  3 frilled lizards
  8 goblins
  2 goblin zombies (Ossuary)
  4 hobgoblin zombies (Ossuary)
  6 jackal zombies (Ossuary)
  3 kobold zombies (Ossuary)
  An orc zombie (Ossuary)
  3 quokka zombies (Ossuary)
  8 rats
  2 rat zombies (Ossuary)
  A butterfly (D:5)
260 creatures vanquished.

Vanquished Creatures (others)
  18 fungi (D:10)
  37 plants
  2 withered plants (D:3)
57 creatures vanquished.

Grand Total: 317 creatures vanquished

Notes
Turn   | Place    | Note
-------+----------+-------------------------------------------
     0 | D:1      | fozzywoppz the Demonspawn Monk began the quest for the Orb.
     0 | D:1      | Reached XP level 1. HP: 18/18 MP: 1/1
   339 | D:1      | Reached skill level 3 in Unarmed Combat
   339 | D:1      | Gained mutation: You regenerate a little health from kills.
                  | [demonic ancestry]
   339 | D:1      | Reached XP level 2. HP: 21/24 MP: 2/2
  1196 | D:2      | Reached XP level 3. HP: 21/29 MP: 3/3
  1282 | D:2      | Found a faded altar of an unknown god.
  1901 | D:3      | Found a sparkling altar of Nemelex Xobeh.
  2025 | D:3      | Found a runed translucent door.
  2028 | D:3      | Noticed SensoryNuts's ghost (amateur OgGl)
  2146 | D:3      | Found an iron altar of Okawaru.
  2167 | D:3      | Reached skill level 4 in Unarmed Combat
  2402 | D:3      | Found a shimmering blue altar of Sif Muna.
  2402 | D:3      | Found a radiant altar of Vehumet.
  2403 | D:3      | Found a blossoming altar of Fedhas.
  2407 | D:3      | Found an ancient bone altar of Kikubaaqudgha.
  2487 | D:3      | Gained mutation: You have a small tail. [demonic ancestry]
  2487 | D:3      | Reached XP level 4. HP: 30/35 MP: 4/4
  3004 | D:4      | Found a runed translucent door.
  3007 | D:4      | Noticed siradein's ghost (weakling DsFi)
  3016 | D:4      | Noticed Natasha
  3027 | D:4      | Killed Natasha
  3028 | D:4      | Reached skill level 5 in Unarmed Combat
  3028 | D:4      | Reached XP level 5. HP: 26/41 MP: 5/5
  3168 | D:4      | Found a staircase to the Ecumenical Temple.
  3350 | D:4      | Noticed Duvessa
  3350 | D:4      | Noticed Dowan
  3358 | D:4      | Killed Dowan
  3359 | D:4      | Reached skill level 1 in Armour
  3364 | D:4      | Killed Duvessa
  3365 | D:4      | Reached XP level 6. HP: 11/49 MP: 6/6
  3550 | D:4      | Found a sand-covered staircase.
  3555 | Ossuary  | Entered an ossuary
  3651 | Ossuary  | Reached skill level 5 in Fighting
  3852 | Ossuary  | Gained mutation: You regenerate health from kills. [demonic
                  | ancestry]
  3852 | Ossuary  | Reached XP level 7. HP: 56/57 MP: 7/7
  4224 | D:4      | Found a shimmering altar of Xom.
  4247 | D:4      | Found a hide-covered altar of Uskayaw.
  4247 | D:4      | Noticed a +0 dagger
  4248 | D:4      | Noticed a +0 hand axe
  4287 | D:4      | Noticed Natasha
  4294 | D:4      | Killed Natasha
  4425 | D:4      | Noticed an angel
  4456 | D:4      | Found a basalt altar of Yredelemnul.
  4458 | D:4      | Noticed a profane servitor
  4657 | Temple   | Entered the Ecumenical Temple
  4879 | D:3      | Became a worshipper of Warmaster Okawaru
  4879 | D:3      | Reached * piety under Okawaru
  4879 | D:3      | Reached ** piety under Okawaru
  4907 | D:5      | Entered Level 5 of the Dungeon
  5044 | D:5      | Upgraded the game from 0.30-a0-6-g7c9e10e132 to
                  | 0.30-a0-23-ge60ba3568b
  5085 | D:5      | Reached XP level 8. HP: 13/68 MP: 4/8
  5099 | D:5      | Reached skill level 1 in Invocations
  6477 | D:6      | Noticed Sigmund
  6590 | D:6      | Killed Sigmund
  6592 | D:6      | Gained mutation: You are partially covered in thin metallic
                  | scales. (AC +2) [demonic ancestry]
  6592 | D:6      | Reached XP level 9. HP: 44/76 MP: 10/12
  6596 | D:6      | Reached *** piety under Okawaru
  6597 | D:6      | Reached skill level 6 in Unarmed Combat
  6655 | D:6      | Found a glowing drain.
  6684 | Sewer    | Entered a sewer
  6948 | D:6      | Found a broken altar of Ashenzari.
  7000 | D:6      | Reached skill level 5 in Invocations
  7612 | D:7      | Noticed Joseph
  7632 | D:7      | Killed Joseph
  7633 | D:7      | Reached skill level 5 in Dodging
  8161 | D:8      | Found an opulent altar of Gozag.
  8360 | D:8      | Reached skill level 10 in Fighting
  8360 | D:8      | Reached skill level 7 in Unarmed Combat
  8381 | D:8      | Reached **** piety under Okawaru
  8712 | D:9      | Noticed a two-headed ogre
  8722 | D:9      | Killed a two-headed ogre
  8723 | D:9      | Reached skill level 8 in Unarmed Combat
  8723 | D:9      | Gained mutation: You have a tail ending in a sharp stinger.
                  | [demonic ancestry]
  8723 | D:9      | Reached XP level 10. HP: 33/85 MP: 14/14
  9049 | D:9      | Noticed a brown ugly thing
  9353 | D:9      | Reached skill level 9 in Unarmed Combat
  9474 | D:9      | Killed a brown ugly thing
  9475 | D:9      | Reached skill level 1 in Throwing
  9901 | D:9      | Reached skill level 10 in Unarmed Combat
  9957 | D:9      | Noticed a two-headed ogre
  9967 | D:9      | Killed a two-headed ogre
 10101 | D:10     | Entered Level 10 of the Dungeon
 10132 | D:10     | Found a stormy altar of Qazlal.
 10136 | D:10     | Noticed a two-headed ogre
 10150 | D:10     | Killed a two-headed ogre
 10150 | D:10     | Reached ***** piety under Okawaru
 10151 | D:10     | Reached skill level 11 in Unarmed Combat
 10360 | D:10     | Found a sacrificial altar of Ru.
 10396 | D:10     | Gained mutation: You regenerate magic rapidly. [demonic
                  | ancestry]
 10396 | D:10     | Reached XP level 11. HP: 90/90 MP: 15/15
 10494 | D:10     | Noticed Snorg
 10514 | D:10     | Killed Snorg
 10787 | D:10     | Noticed a two-headed ogre
 10810 | D:10     | Killed a two-headed ogre
 10816 | D:10     | Found a staircase to the Lair.
 10836 | D:10     | Mangled by a freezing wraith

Illustrated notes

Levels and vault maps discovered:
D:1:      amcnicky_arrival_gap_in_the_tavern_cellar, layout_loops_cross
D:2:      layout_loops_cross, dreamdust_ecumenical_altar_grove
D:3:      layout_basic, minitemple, nicolae_overflow_hidden_temple,
          nemelex_diamond_rough_becter, serial_undead, serial_undead_a,
          serial_undead_d, serial_undead_e, serial_undead_d,
          ebering_ghost_reflecting_pool
D:4:      layout_layer_cave, dancing_weapons_uskayaw, xom_butterflies,
          grunt_temple_overflow_holy_war, temple_doors_e,
          nicolae_ossuary_entry_false_entrances, hellmonk_ghost_happy_afterlife,
          grunt_tough_drop, uniq_duvessa, uniq_natasha
D:5:      layout_basic, eino_tiny_chamber, minmay_circle_x
D:6:      layout_rooms, amcnicky_altar_gilded, cheibrodos_sewer_entry_drain,
          uniq_sigmund
D:7:      layout_basic, chequers_serial_rivers_large_a, uniq_joseph
D:8:      layout_rooms, mainiacjoe_overflow_tiny_flanked
D:9:      layout_roguey, serial_bayou, serial_bayou_ford_a, serial_bayou_pond_b,
          serial_bayou_pond_b, serial_bayou_pond_b
D:10:     layout_roguey, nicolae_ru_sacrificial_ziggurat,
          mainiacjoe_overflow_24_doors, due_lair_maze_entry_diamond, uniq_grum,
          uniq_snorg
Temple:   nicolae_temple_godpark

Skill      XL: |  1  2  3  4  5  6  7  8  9 10 11 |
---------------+----------------------------------+-----
Stealth        | 2 |  2.0
Unarmed Combat | 3 4 5 8 11 | 11.6
Dodging        | 3 4 5 |  5.5
Armour         | 1 2 |  2.0
Fighting       | 4 5 8 9 10 | 10.3
Invocations    | 4 6 7 |  7.0
Throwing       | 1 |  1.1

Action                   |  1- 3 |  4- 6 |  7- 9 | 10-12 || total
-------------------------+-------+-------+-------+-------++-------
Melee: Unarmed           |   184 |   180 |   579 |   237 ||  1180
       Punch             |     6 |     9 |    22 |    26 ||    63
       Tailslap          |       |    40 |   106 |    46 ||   192
Throw: Boomerang         |       |       |     2 |     1 ||     3
Invok: Heroism           |       |       |     9 |     6 ||    15
       Finesse           |       |       |       |     9 ||     9
Evoke: Wand              |       |       |     3 |     7 ||    10
  Use: Scroll            |     4 |     5 |     5 |     3 ||    17
       Potion            |       |     4 |     4 |     4 ||    12
 Stab: Sleeping          |     8 |     1 |       |       ||     9
       Distracted        |       |       |       |     1 ||     1
Armor: Robe              |    18 |       |       |       ||    18
       Leather armour    |    31 |     4 |       |       ||    35
       Ring mail         |       |    81 |   231 |    64 ||   376
Dodge: Dodged            |    93 |   112 |   323 |   158 ||   686

Table legend: (Time is in decaauts)
 A = Elapsed time spent in this place.
 B = Non-inter-level travel time spent in this place.
 C = Inter-level travel time spent in this place.
 D = Time resting spent in this place.
 E = Time spent auto-exploring this place.
 F = Levels seen in this place.
 G = Mean time per level.
                   A        B        C        D        E       F      G
               +--------+--------+--------+--------+--------+-----+--------+
         Total |  10730 |  10309 |    421 |    269 |   6761 |  13 |  825.4 |
       Dungeon |   9853 |   9446 |    407 |    269 |   6389 |  10 |  985.3 |
        Temple |    120 |    106 |     14 |      0 |     24 |   1 |  120.0 |
         Sewer |    245 |    245 |      0 |      0 |    124 |   1 |  245.0 |
       Ossuary |    510 |    510 |      0 |      0 |    224 |   1 |  510.0 |
               +--------+--------+--------+--------+--------+-----+--------+

Top non-repeatable levels by time:
     D:5: 1622 daAuts
     D:4: 1398 daAuts
     D:9: 1222 daAuts
     D:3: 1023 daAuts
     D:2: 942 daAuts
     D:1: 871 daAuts
     D:7: 860 daAuts
    D:10: 673 daAuts
     D:8: 660 daAuts
     D:6: 578 daAuts
 Ossuary: 510 daAuts
   Sewer: 245 daAuts
  Temple: 120 daAuts
